Celery, neutral female gnomish Tourist ---- .. -+--.- .|-.| |..---- ---|-..--- ---+-.....-+--........--+- --......--................| |.......-|..--------|--..-- |...{....|--- ..|..-- |-.......| (??|...| |...|....| ----- -----...| -.. | -..|..-- ...-|.(((| ...-- -....|)Y..Y.....|-...-.(((| h......h%.---...|...-|.(((| ..G`...--. ......| ----- ......-- |....| -...-- ..%-- -... Celery the Excursionist Experience level: 7 Strength: 9 Dexterity: 14 Constitution: 17 Intelligence: 15 Wisdom: 8 Charisma: 17 Health: 0(63) Energy: 32(32) Def: 8 Gold: 421 Moves: 4682 Dungeon seed: pYo5Hp6v1M3QK694 Game ID: Celery_1467752870 Your Inventory: Coins $ - 421 gold pieces Weapons a - 33 uncursed +2 darts (in quiver) i - an uncursed +0 elven dagger k - 4 blessed +0 darts q - an uncursed +2 aklys (weapon in hand) u - 2 uncursed poisoned +0 darts W - 6 uncursed +0 darts Armor e - an uncursed +0 Hawaiian shirt (being worn) z - a blessed +1 orcish helm (being worn) N - an uncursed +0 studded leather armor (being worn) R - an uncursed +0 pair of high boots (being worn) X - an uncursed +0 cloak of displacement (being worn) Comestibles b - 3 uncursed tripe rations d - an uncursed carrot f - 6 uncursed food rations S - an uncursed lichen corpse T - 2 uncursed sprigs of wolfsbane Scrolls l - an uncursed scroll of magic mapping v - an uncursed scroll of create monster D - an uncursed scroll of confuse monster Q - an uncursed scroll of identify Potions c - an uncursed potion of water x - an uncursed potion of monster detection I - an uncursed potion of hallucination O - an uncursed potion of sleeping Rings C - an uncursed ring of stealth G - an uncursed ring of levitation Wands h - an uncursed wand of speed monster (0:6) o - an uncursed wand of secret door detection (0:7) t - an uncursed wand of make invisible (0:2) M - an uncursed wand of enlightenment (0:11) V - an uncursed wand of enlightenment (0:10) Z - a blessed wand of polymorph (0:7) Tools m - an uncursed expensive camera (0:74) n - an uncursed credit card p - an uncursed leash s - an uncursed partly used tallow candle (0:3) w - an uncursed tin whistle K - an uncursed towel P - an uncursed skeleton key Gems j - 2 uncursed worthless pieces of blue glass r - an uncursed worthless piece of white glass y - 2 uncursed worthless pieces of yellow glass J - an uncursed amber stone U - an uncursed worthless piece of yellowish brown glass Y - 3 uncursed worthless pieces of violet glass Spells and supernatural/magical abilities: Name Level Category Fail Memory a - force bolt 1 attack 35% 89% m - magic missile 2 attack 88% 94% w - wizard lock 2 matter 88% 83% B - cure blindness 2 healing 91% 89% W - pray for help -- divine ? -- Your skills at the end: Miscellaneous Skills wands [Basic] Weapon Skills club [Basic] dart [Skilled] Spellcasting Skills Final Attributes: You were devoutly aligned. You had infravision. You were invisible. You were displaced. You were held by an owlbear. You are dead. Vanquished creatures: a leprechaun a lizard a dingo 3 human zombies 2 rock piercers a pony a fog cloud a shrieker a kobold mummy a guardian naga hatchling an elf zombie a giant ant 2 little dogs 2 floating eyes a dwarf 2 kobold lords a kobold shaman an iguana a rabid rat a giant bat 2 orc zombies 2 dwarf zombies 3 coyotes 5 hobbits 2 acid blobs 5 geckos 6 giant rats 8 cave spiders a green mold a red mold 5 gnomes a garter snake 2 manes 7 jackals a kobold 5 newts 6 goblins 2 sewer rats 8 grid bugs 2 bats 3 lichens 103 creatures vanquished. Voluntary challenges: You had been an atheist until turn 2386. You used a wielded weapon 25 times, starting on turn 197. You did not apply a unicorn horn. You read items or engraved 15 times, starting on turn 90. You never genocided any monsters. You never polymorphed an object. You never changed form. You used no wishes. You never split a pudding. You never wrote Elbereth's name. You never violated your personal moral code. Dungeon overview: The Dungeons of Doom: levels 1 to 6 Level 1 a fountain a long staircase Level 2 Level 3 Level 4 stairs to The Gnomish Mines Level 5 (spellbooks) Level 6 many fountains The Gnomish Mines: levels 5 to 7 Level 5 stairs to The Dungeons of Doom Level 6 Level 7 <- You were here some shops, a fountain History has recorded: On T:1 you entered the Dungeons of Doom to retrieve the Amulet of Yendor! On T:422 you reached level 2 of The Dungeons of Doom. On T:559 you advanced to experience level 2. On T:776 you advanced to experience level 3. On T:837 you reached level 3 of The Dungeons of Doom. On T:1386 you reached level 4 of The Dungeons of Doom. On T:1795 you advanced to experience level 4. On T:2121 you reached level 1 of The Gnomish Mines. On T:2301 you reached level 5 of The Dungeons of Doom. On T:2685 you reached level 6 of The Dungeons of Doom. On T:2859 you advanced to experience level 5. On T:3087 you advanced to experience level 6. On T:3088 you received advice from The Oracle. On T:3088 you advanced to experience level 7. On T:4112 you reached level 2 of The Gnomish Mines. On T:4544 you reached level 3 of The Gnomish Mines. Score breakdown: Gold: 307 ( 30 points) Experience: 7 levels ( 600 points) Exploration: 7 levels ( 180 points) Discoveries: 10 items ( 500 points) Variety of kills: 41 monsters ( 2000 points) Major goal: (nothing yet) ( 0 points) Survival: died (score multiplied by 3) Total score: 9930 Latest messages: The guardian naga hatchling bites! You throw 2 darts. The 1st dart hits the guardian naga hatchling. The 2nd dart hits something! You kill the guardian naga hatchling! You have a little trouble lifting a - 2 uncursed +2 darts (in quiver). You have a little trouble lifting h - a spiked wand. You see here a guardian naga hatchling corpse. The dart hits the monkey! The monkey claws you! The monkey stole an orange gem. The monkey tries to run away with your orange gem. The owlbear claws you! (2x) The owlbear grabs you! The dart hits the owlbear. The owlbear claws you! (2x) You are being crushed. The dart hits the owlbear! The owlbear claws you! (2x) You are being crushed. You die... Final status: Aloha Celery the Tourist, killed by an owlbear... You died in The Gnomish Mines on dungeon level 7 with 9930 points, and 421 pieces of gold, after 4682 moves. You were level 7 with a maximum of 63 hit points when you died.